 Dungeon Crawl Stone Soup version 0.31.0-11-ge490571c62 (webtiles) character file.

Game seed: 15622733935133009195

1460 qw the Skirmisher (level 8, -1/40 HPs)
             Began as a Spriggan Hunter on Feb 4, 2024.
             Slain by a water moccasin (5 damage)
             ... on level 6 of the Dungeon.
             The game lasted 00:00:24 (5266 turns).

qw the Skirmisher (Spriggan Hunter)                 Turns: 5266, Time: 00:00:25

Health: -1/40      AC:  2    Str:  7    XL:     8   Next: 48%
Magic:  9/9        EV: 23    Int: 11    God:
Gold:   251        SH:  0    Dex: 20    Spells: 7/7 levels left

rFire   . . .        a - +0 shortbow
rCold   . . .        (shield currently unavailable)
rNeg    . . .        c - +0 robe
rPois   .            (helmet restricted)
rElec   .            (no cloak)
rCorr   .            (gloves unavailable)
SInv    +            (boots unavailable)
Will    +....        (no amulet)
Stlth   ++           (no ring)
HPRegen 0.26/turn    (no ring)
MPRegen 0.11/turn

%: no passive effects
@: very quick
A: very small, no large weapons, unfitting armour, see invisible, speed 3
a: no special abilities


You were on level 6 of the Dungeon.
You visited 1 branch of the dungeon, and saw 6 of its levels.

You collected 251 gold pieces.


Innate Abilities, Weirdness & Mutations

You are very small and have problems with some larger weapons.
You are too small for most types of armour.
You have supernaturally acute eyesight. (SInv)
You cover ground extremely quickly. (Speed+++)


   Skills:
 - Level 3.0 Fighting
 - Level 9.0 Ranged Weapons
 + Level 8.4 Dodging
 - Level 1.5 Stealth


You had 7 spell levels left.
You didn't know any spells.
Your spell library was empty.

Inventory:

Hand Weapons
 a - a +0 shortbow (weapon)
Armour
 c - a +0 robe (worn)
Wands
 b - a wand of mindburst (11)
 j - a wand of quicksilver (8)
Potions
 d - a potion of mutation
 g - a potion of curing {unknown}
 h - a potion of attraction {unknown}
 i - a potion of resistance {unknown}

Dungeon Overview and Level Annotations

Branches:
Dungeon (6/15)
 Temple: D:4-7

Altars:
Gozag
Vehumet


Message History

You shoot an arrow.
The arrow barely misses the water moccasin.
The water moccasin bites you!
You shoot an arrow. The arrow misses the water moccasin.
The water moccasin misses you.
You shoot an arrow. The arrow misses the water moccasin.
The water moccasin misses you. x2
You shoot an arrow.
The arrow hits the water moccasin but does no damage.
The water moccasin is heavily wounded.
The water moccasin bites you but does no damage.
You shoot an arrow. The arrow hits the water moccasin.
The water moccasin is heavily wounded.
The water moccasin closely misses you.
You shoot an arrow.
The arrow closely misses the water moccasin.
The water moccasin completely misses you.
The water moccasin bites you.
You shoot an arrow.
The arrow closely misses the water moccasin.
The water moccasin bites you but does no damage.
You shoot an arrow. The arrow hits the water moccasin.
The water moccasin is severely wounded.
The water moccasin completely misses you.
You shoot an arrow.
The arrow closely misses the water moccasin.
The water moccasin misses you. x2
You shoot an arrow.
The arrow closely misses the water moccasin.
The water moccasin bites you!
You shoot an arrow. The arrow hits the water moccasin.
The water moccasin is severely wounded.
The water moccasin closely misses you.
You shoot an arrow. The arrow hits the water moccasin.
The water moccasin is severely wounded.
The water moccasin bites you.
The water moccasin bites you but does no damage.
You shoot an arrow. The arrow misses the water moccasin.
The water moccasin bites you.
You die...

#...).>....#
.#
#..........#
.# ####.)....#
.# #......#
#..##### #..#
.# ###+ #.##
#. ..# #.#
#.###S# #.#
##.#..@# #.#
#....### #.##
###....# #..#
#...#.## ##.#
#.###.#
#.####.....#
#....'#####...
####### #


You could see a water moccasin.

Vanquished Creatures
  A water moccasin (D:5)
  An ogre (D:5)
  A phantom (D:5)
  3 scorpions (D:4)
  5 killer bees (D:5)
  A howler monkey (D:5)
  2 bombardier beetles
  3 hounds (D:4)
  A jelly (D:5)
  An orc priest (D:4)
  2 gnoll boudas (D:5)
  2 sleepcaps
  2 iguanas
  3 orc wizards (D:4)
  Natasha (thrice) (D:2)
  3 adders
  12 gnolls
  A white imp (D:5)
  3 dart slugs
  15 orcs
  8 ball pythons
  6 endoplasms
  4 giant cockroaches
  5 goblins
  6 hobgoblins
  8 jackals
  3 kobolds
  2 quokkas
  6 bats
  3 frilled lizards
  5 rats
121 creatures vanquished.

Notes
Turn   | Place    | Note
-------+----------+-------------------------------------------
     0 | D:1      | qw the Spriggan Hunter began the quest for the Orb.
     0 | D:1      | Reached XP level 1. HP: 10/10 MP: 2/2
     0 | D:1      | 0 ||| qw: Version: 0.3-a-160-g6735b56
     0 | D:1      | 0 ||| qw: Game counter: 5242
     0 | D:1      | 0 ||| qw: Melee chars always use a shield: true
     0 | D:1      | 0 ||| qw: God list: Okawaru
     0 | D:1      | 0 ||| qw: Allow faded altars: false
     0 | D:1      | 0 ||| qw: Do Orc after clearing Dungeon:15 true
     0 | D:1      | 0 ||| qw: Do second Lair branch before Depths: true
     0 | D:1      | 0 ||| qw: Lair rune preference: random
     0 | D:1      | 0 ||| qw: Goals: Normal
     0 | D:1      | 0 ||| PLANNING D:1-11
    33 | D:1      | Reached skill level 3 in Dodging
   244 | D:1      | Reached XP level 2. HP: 14/14 MP: 3/3
   833 | D:1      | 833 ||| READING scroll labelled RAULAF YRAHOP.
   834 | D:1      | 834 ||| READING scroll labelled ZYTAETIFID.
   838 | D:1      | 838 ||| READING scroll labelled INIKKAW WAOTOS.
   839 | D:1      | 839 ||| READING scroll labelled IDOREI AD LURA.
   840 | D:1      | 840 ||| READING 2 scrolls labelled EMYGAL UZXIWN.
   841 | D:1      | 841 ||| READING scroll labelled SAFFEO RAIHU.
   842 | D:1      | 842 ||| DRINKING 2 coppery potions.
   843 | D:1      | 843 ||| DROPPING scroll of butterflies.
   844 | D:1      | 844 ||| DROPPING scroll of amnesia.
   950 | D:2      | Reached XP level 3. HP: 18/18 MP: 4/4
  1117 | D:2      | Noticed Natasha
  1119 | D:2      | Killed Natasha
  1120 | D:2      | Reached skill level 5 in Ranged Weapons
  1372 | D:2      | Noticed Natasha
  1378 | D:2      | HP: 2/18 [Natasha (6)]
  1379 | D:2      | 1379 ||| DRINKING potion of heal wounds.
  1381 | D:2      | Killed Natasha
  1382 | D:2      | Reached XP level 4. HP: 18/22 MP: 5/5
  1561 | D:2      | 1561 ||| DROPPING scarf of shadows.
  1562 | D:2      | 1562 ||| READING 2 scrolls labelled ASEOPEPTA.
  1595 | D:2      | Noticed Natasha
  1606 | D:2      | Killed Natasha
  1665 | D:2      | 1665 ||| READING scroll labelled PEITAELIODGH.
  1665 | D:2      | 1665 ||| IDENTIFYING murky amethyst potion
  1666 | D:2      | 1666 ||| READING scroll labelled EXIOCO JOCS.
  1666 | D:2      | 1666 ||| ENCHANTING +0 shortbow.
  1667 | D:2      | 1667 ||| DROPPING scroll of vulnerability.
  1668 | D:2      | 1668 ||| DROPPING potion of invisibility.
  1898 | D:3      | Reached XP level 5. HP: 26/26 MP: 6/6
  2714 | D:4      | Found a radiant altar of Vehumet.
  2719 | D:4      | Reached skill level 6 in Ranged Weapons
  2820 | D:4      | Reached XP level 6. HP: 25/30 MP: 7/7
  2821 | D:4      | Reached skill level 6 in Dodging
  3238 | D:4      | Reached skill level 7 in Ranged Weapons
  3263 | D:4      | 3263 ||| FLEEEEING.
  3336 | D:4      | Reached XP level 7. HP: 35/35 MP: 8/8
  3401 | D:4      | 3401 ||| DROPPING +0 sling of flaming.
  3484 | D:4      | 3484 ||| FLEEEEING.
  3485 | D:4      | 3485 ||| FLEEEEING.
  3486 | D:4      | 3486 ||| FLEEEEING.
  3487 | D:4      | 3487 ||| FLEEEEING.
  3488 | D:4      | 3488 ||| FLEEEEING.
  3489 | D:4      | 3489 ||| FLEEEEING.
  3490 | D:4      | 3490 ||| FLEEEEING.
  3495 | D:4      | 3495 ||| FLEEEEING.
  3496 | D:4      | 3496 ||| FLEEEEING.
  3497 | D:4      | 3497 ||| FLEEEEING.
  3498 | D:4      | 3498 ||| FLEEEEING.
  3499 | D:4      | 3499 ||| FLEEEEING.
  3500 | D:4      | 3500 ||| FLEEEEING.
  3501 | D:4      | 3501 ||| FLEEEEING.
  3502 | D:4      | 3502 ||| FLEEEEING.
  3682 | D:4      | 3682 ||| READING scroll labelled KEYFRAKKAI.
  3697 | D:5      | Entered Level 5 of the Dungeon
  3739 | D:5      | 3739 ||| RETREEEEATING.
  3742 | D:5      | 3742 ||| RETREEEEATING.
  3750 | D:5      | HP: 4/35 [ogre/+0 giant club (5)]
  3751 | D:5      | 3751 ||| READING 2 scrolls of teleportation.
  3949 | D:5      | Reached skill level 8 in Ranged Weapons
  4138 | D:5      | HP: 6/35 [killer bee (9)]
  4139 | D:5      | 4139 ||| READING scroll of teleportation.
  4141 | D:5      | Reached skill level 3 in Fighting
  4141 | D:5      | Reached XP level 8. HP: 7/40 MP: 9/9
  4194 | D:5      | HP: 9/40 [killer bee (3)]
  4198 | D:5      | HP: 4/40 [poisoned by a killer bee]
  4202 | D:5      | HP: 1/40 [poisoned by a killer bee]
  4675 | D:5      | 4675 ||| RETREEEEATING.
  4676 | D:5      | 4676 ||| FLEEEEING.
  4677 | D:5      | 4677 ||| FLEEEEING.
  4678 | D:5      | 4678 ||| FLEEEEING.
  4679 | D:5      | 4679 ||| FLEEEEING.
  4680 | D:5      | 4680 ||| FLEEEEING.
  4681 | D:5      | 4681 ||| FLEEEEING.
  4682 | D:5      | 4682 ||| FLEEEEING.
  4683 | D:5      | 4683 ||| FLEEEEING.
  4684 | D:5      | 4684 ||| FLEEEEING.
  4686 | D:5      | 4686 ||| FLEEEEING.
  4687 | D:5      | 4687 ||| FLEEEEING.
  4688 | D:5      | 4688 ||| FLEEEEING.
  4689 | D:5      | 4689 ||| FLEEEEING.
  4690 | D:5      | 4690 ||| FLEEEEING.
  4691 | D:5      | 4691 ||| FLEEEEING.
  4692 | D:5      | 4692 ||| FLEEEEING.
  4693 | D:5      | 4693 ||| FLEEEEING.
  4694 | D:5      | 4694 ||| FLEEEEING.
  4695 | D:5      | 4695 ||| FLEEEEING.
  4696 | D:5      | 4696 ||| FLEEEEING.
  4697 | D:5      | 4697 ||| FLEEEEING.
  4698 | D:5      | 4698 ||| FLEEEEING.
  4699 | D:5      | 4699 ||| FLEEEEING.
  4700 | D:5      | 4700 ||| FLEEEEING.
  4704 | D:5      | 4704 ||| FLEEEEING.
  4705 | D:5      | 4705 ||| FLEEEEING.
  4706 | D:5      | 4706 ||| FLEEEEING.
  4708 | D:5      | 4708 ||| FLEEEEING.
  4709 | D:5      | 4709 ||| FLEEEEING.
  4710 | D:5      | 4710 ||| FLEEEEING.
  4711 | D:5      | 4711 ||| FLEEEEING.
  4713 | D:5      | 4713 ||| FLEEEEING.
  4715 | D:5      | 4715 ||| FLEEEEING.
  4716 | D:5      | 4716 ||| FLEEEEING.
  4717 | D:5      | 4717 ||| FLEEEEING.
  4743 | D:5      | 4743 ||| FLEEEEING.
  4744 | D:5      | 4744 ||| FLEEEEING.
  4745 | D:5      | 4745 ||| FLEEEEING.
  4746 | D:5      | 4746 ||| FLEEEEING.
  4747 | D:5      | 4747 ||| FLEEEEING.
  4748 | D:5      | 4748 ||| FLEEEEING.
  4749 | D:5      | 4749 ||| FLEEEEING.
  4750 | D:5      | 4750 ||| FLEEEEING.
  4751 | D:5      | 4751 ||| FLEEEEING.
  4752 | D:5      | 4752 ||| FLEEEEING.
  4753 | D:5      | 4753 ||| FLEEEEING.
  4754 | D:5      | 4754 ||| FLEEEEING.
  4759 | D:5      | 4759 ||| FLEEEEING.
  4760 | D:5      | 4760 ||| FLEEEEING.
  4761 | D:5      | 4761 ||| FLEEEEING.
  4762 | D:5      | 4762 ||| FLEEEEING.
  4763 | D:5      | 4763 ||| FLEEEEING.
  4764 | D:5      | 4764 ||| FLEEEEING.
  4765 | D:5      | 4765 ||| FLEEEEING.
  4766 | D:5      | 4766 ||| FLEEEEING.
  4767 | D:5      | 4767 ||| FLEEEEING.
  4768 | D:5      | 4768 ||| FLEEEEING.
  4774 | D:5      | 4774 ||| FLEEEEING.
  4775 | D:5      | 4775 ||| FLEEEEING.
  4776 | D:5      | 4776 ||| FLEEEEING.
  4777 | D:5      | 4777 ||| FLEEEEING.
  4778 | D:5      | 4778 ||| FLEEEEING.
  4780 | D:5      | 4780 ||| FLEEEEING.
  4781 | D:5      | 4781 ||| FLEEEEING.
  4782 | D:5      | 4782 ||| FLEEEEING.
  4783 | D:5      | 4783 ||| FLEEEEING.
  4784 | D:5      | 4784 ||| FLEEEEING.
  4785 | D:5      | 4785 ||| FLEEEEING.
  4786 | D:5      | 4786 ||| FLEEEEING.
  4787 | D:5      | 4787 ||| FLEEEEING.
  4788 | D:5      | 4788 ||| FLEEEEING.
  4790 | D:5      | 4790 ||| FLEEEEING.
  4791 | D:5      | 4791 ||| FLEEEEING.
  4792 | D:5      | 4792 ||| FLEEEEING.
  4793 | D:5      | 4793 ||| STAIRDANCE
  4829 | D:4      | 4829 ||| READING scroll of identify.
  4829 | D:4      | 4829 ||| IDENTIFYING bubbling grey potion
  5069 | D:5      | 5069 ||| READING scroll of identify.
  5069 | D:5      | 5069 ||| IDENTIFYING pink potion
  5070 | D:5      | 5070 ||| DROPPING potion of brilliance.
  5101 | D:6      | Reached skill level 9 in Ranged Weapons
  5193 | D:6      | Found an opulent altar of Gozag.
  5263 | D:6      | HP: 9/40 [water moccasin (8)]
  5265 | D:6      | HP: 3/40 [water moccasin (6)]
  5266 | D:6      | Slain by a water moccasin

Levels and vault maps discovered:
D:1:      psy_arrival_statuary, layout_basic
D:2:      layout_basic, uniq_natasha
D:3:      layout_loops_corners
D:4:      layout_basic, nicolae_vehumet_radiance, minmay_increasing_density
D:5:      layout_basic, nicolae_tricolors
D:6:      layout_basic, mainiacjoe_overflow_swirl, mainiacjoe_overflow_paths,
          minmay_temple_entry_proselytizer, uniq_jeremiah

Skill      XL: |  1  2  3  4  5  6  7  8 |
---------------+-------------------------+-----
Dodging        | 3 4 5 6 7 8 |  8.4
Ranged Weapons | 5 6 7 8 9 |  9.0
Fighting       | 2 3 |  3.0
Stealth        | |  1.5

Action                     |  1- 3 |  4- 6 |  7- 9 || total
---------------------------+-------+-------+-------++-------
   Fire: Shortbow          |    78 |   181 |   253 ||   512
    Use: Scroll            |     6 |     3 |     5 ||    14
         Potion            |     2 |       |       ||     2
 Armour: Robe              |    10 |    33 |    43 ||    86
  Dodge: Dodged            |    28 |    70 |   116 ||   214

Table legend:
 A = Non-vault XP
 B = Vault XP
 C = Vault XP percentage of total XP
 D = Non-vault monster count
 E = Vault monster count
 F = Vault count percentage of total count
                 A         B        C        D         E       F
            +---------+---------+-------+---------+---------+-------
      Total |    1959 |     127 |   6.1 |     113 |       8 |   6.6
            +---------+---------+-------+---------+---------+-------
        D:1 |      26 |       0 |   0.0 |      14 |       0 |   0.0
        D:2 |     106 |      33 |  23.7 |      18 |       1 |   5.3
        D:3 |      90 |       0 |   0.0 |      22 |       0 |   0.0
        D:4 |     561 |      94 |  14.4 |      30 |       7 |  18.9
        D:5 |    1051 |       0 |   0.0 |      25 |       0 |   0.0
        D:6 |     125 |       0 |   0.0 |       4 |       0 |   0.0
            +---------+---------+-------+---------+---------+-------
